 Dungeon Crawl Stone Soup version 0.31.0-11-ge490571c62 (webtiles) character file.

Game seed: 6977858543992563867

385 monsoonserge the Cudgeller (level 6, -1/25 (51) HPs)
             Began as a Gnoll Reaver on Feb 1, 2024.
             Killed by divine providence
             ... invoked by an orc priest
              (15 damage)
             ... on level 4 of the Dungeon.
             The game lasted 00:08:03 (3917 turns).

monsoonserge the Cudgeller (Gnoll Reaver)           Turns: 3917, Time: 00:08:03

HP:   -1/25 (51)    AC:  6    Str: 11    XL:     6   Next: 77%
MP:   14/14         EV: 11    Int: 14    God:
Gold: 345           SH:  0    Dex: 11    Spells: 14/15 levels left

rFire   . . .        t - +0 flail
rCold   . . .        (no shield)
rNeg    . . .        j - +0 ring mail
rPois   .            (no helmet)
rElec   .            (no cloak)
rCorr   .            (no gloves)
SInv    +            c - +0 pair of boots
Will    .....        e - amulet of magic regeneration
Stlth   +            h - +4 ring of slaying
HPRegen 0.24/turn    n - ring of see invisible
MPRegen 0.54/turn

%: no passive effects
@: extremely drained
A: fangs 1, strong nose, distributed training
a: no special abilities


You were on level 4 of the Dungeon.
You visited 1 branch of the dungeon, and saw 4 of its levels.

You collected 345 gold pieces.

Inventory:

Hand Weapons
 a - a +0 mace
 t - a +0 flail (weapon)
 w - a +2 dagger of freezing
Missiles
 k - 2 javelins
 q - 6 poisoned darts (quivered)
 u - a throwing net
Armour
 b - a +0 leather armour
 c - a +0 pair of boots (worn)
 j - a +0 ring mail (worn)
 p - a +0 scale mail
Jewellery
 e - an amulet of magic regeneration (around neck)
 h - a +4 ring of slaying (left hand)
 n - a ring of see invisible (right hand)
Wands
 m - a wand of light (12)
 o - a wand of charming (14)
Scrolls
 d - 2 scrolls of fear {unknown}
 f - a scroll of butterflies {unknown}
 g - 2 scrolls of teleportation {unknown}
 i - a scroll of enchant weapon {unknown}
 l - a scroll of immolation {unknown}
 r - a scroll of fog {unknown}
 v - a scroll of revelation {unknown}
Potions
 s - a potion of mutation {unknown}
 x - 2 potions of lignification {unknown}
 z - 2 potions of curing {unknown}
 A - a potion of enlightenment {unknown}


   Skills:
 + Level 5.1 Fighting
 + Level 2.2 Short Blades
 + Level 2.2 Long Blades
 + Level 2.2 Axes
 + Level 6.9 Maces & Flails
 + Level 2.2 Polearms
 + Level 2.2 Staves
 + Level 2.2 Ranged Weapons
 + Level 2.2 Throwing
 + Level 2.2 Armour
 + Level 5.1 Dodging
 + Level 2.2 Stealth
 + Level 2.2 Shields
 + Level 2.2 Unarmed Combat
 + Level 5.4 Spellcasting
 + Level 5.7 Conjurations
 + Level 1.7 Hexes
 + Level 1.7 Summonings
 + Level 1.7 Necromancy
 + Level 1.7 Translocations
 + Level 1.7 Fire Magic
 + Level 1.7 Ice Magic
 + Level 1.7 Air Magic
 + Level 1.7 Earth Magic
 + Level 1.7 Alchemy
 + Level 2.4 Invocations
 + Level 2.2 Evocations
 + Level 2.0 Shapeshifting


You had 14 spell levels left.
You knew the following spells:

 Your Spells              Type           Power      Damage    Failure   Level
a - Kiss of Death         Conj/Necr      56%        2d9       9%          1

Your spell library contained the following spells:

 Spells                   Type           Power      Damage    Failure   Level
 Momentum Strike          Conj/Tloc      28%        3d8       13%         2
 Dazzling Flash           Conj/Hex       28%        N/A       26%         3
 Hailstorm                Conj/Ice       14%        3d6       26%         3
 Volatile Blastmotes      Fire/Tloc      16%        2d11      50%         3
 Starburst                Conj/Fire      7%         6d4       100%        6
 Maxwell's Capacitive Co  Air            4%         ∞         100%        8


Dungeon Overview and Level Annotations

Branches:
Dungeon (4/15)
 Temple: D:4-7

Altars:
Ashenzari
Yredelemnul

Shops:
D:4 =

Annotations:
D:2 fly for spells


Innate Abilities, Weirdness & Mutations

You have very sharp teeth.
Your uncanny sense of smell can sniff out nearby items.
Your experience applies equally to all skills.


Message History

You kill the hound!
You feel sick.
You are no longer poisoned.
The adder barely misses you.
Your Shapeshifting skill increases to level 2!
Your life force is very heavily drained.
Your movement speed is average.
Your attack delay is about 1.0.
Your damage rating with your +0 flail is about 16 (Base 10 x 102% (Str) x 122% (Skill) + 4 (Slay)).
Your life force is very heavily drained.
Your movement speed is average.
Your attack delay is about 1.0.
Your damage rating with your +0 flail is about 16 (Base 10 x 102% (Str) x 122% (Skill) + 4 (Slay)).
Casting: Kiss of Death (safe; 9% risk of failure)
Confirm with . or Enter, or press ? or * to list all spells.
Aiming: Kiss of Death (safe; 9% risk of failure)
Press: ? - help, Shift-Dir - straight line, f - adder
Aim: an adder (heavily wounded, 100% to hit)
The negative energy hits the adder!
The adder is drained!
You kill the adder!
You feel drained.
Unknown command.
You start resting.
Magic restored.
You start resting.
HP restored.
d - 2 scrolls labelled VAPHUAFRE QASH (gained 1)
You now have 345 gold pieces (gained 14).
Found a stone staircase leading up.
The orc priest shouts!
You hear a shout!
The orc priest hits you but does no damage.
The orc priest barely misses you.
You hit the orc priest.
The orc priest is lightly wounded.
The orc priest hits you but does no damage.
The orc priest calls down the wrath of Beogh upon you.
Beogh smites you!
You sock the orc priest!
The orc priest is almost dead.
The orc priest mumbles some strange prayers to Beogh against you.
Beogh smites you!
Ouch! That really hurt!
You die...

# #..).(#.#.##..# ####.......∩. #
#######.......# ##......8.8
####### ###.##..# #.......#..
...(..# #.##..# #.......###
...##.# ##.##..# #.......#
##.##.#####.<.#..# #.......###
##............o..#####...........
#####.####....##..............##.
#####.# #.....o@o...#........##.
......# #...#.##.#..............
####### #####.##.##.#......####.
#.##......###..####.
#.##.##<#...........
#.##.##.#####.#####. #.......# ##
####.#### # #.# ∆ #


You could see 2 orc priests.

Vanquished Creatures
  A jelly (D:4)
  A gnoll bouda (D:4)
  A hound (D:4)
  Ijyb (D:3)
  An iguana (D:4)
  An orc wizard (D:3)
  7 gnolls
  5 adders
  2 adder zombies (D:3)
  A ribbon worm (D:2)
  2 dart slugs
  5 orcs
  10 ball pythons
  3 endoplasms
  8 giant cockroaches
  10 goblins
  9 hobgoblins
  A quokka (D:1)
  5 bats
  10 frilled lizards
  A jackal zombie (D:3)
  8 kobolds
  A quokka zombie (D:3)
  7 rats
101 creatures vanquished.

Notes
Turn   | Place    | Note
-------+----------+-------------------------------------------
     0 | D:1      | monsoonserge the Gnoll Reaver began the quest for the Orb.
     0 | D:1      | Reached XP level 1. HP: 20/20 MP: 6/6
   101 | D:1      | Reached XP level 2. HP: 20/26 MP: 7/7
   620 | D:1      | Reached skill level 5 in Spellcasting
   620 | D:1      | Reached XP level 3. HP: 31/31 MP: 7/9
  1104 | D:2      | Reached skill level 1 in Invocations
  1149 | D:2      | Reached skill level 1 in Short Blades
  1149 | D:2      | Reached skill level 1 in Long Blades
  1149 | D:2      | Reached skill level 1 in Axes
  1149 | D:2      | Reached skill level 1 in Polearms
  1149 | D:2      | Reached skill level 1 in Staves
  1149 | D:2      | Reached skill level 1 in Ranged Weapons
  1149 | D:2      | Reached skill level 1 in Throwing
  1149 | D:2      | Reached skill level 1 in Armour
  1149 | D:2      | Reached skill level 1 in Stealth
  1149 | D:2      | Reached skill level 1 in Shields
  1149 | D:2      | Reached skill level 1 in Unarmed Combat
  1149 | D:2      | Reached skill level 1 in Evocations
  1206 | D:2      | Reached skill level 1 in Shapeshifting
  1206 | D:2      | Reached XP level 4. HP: 31/38 MP: 11/11
  1541 | D:3      | Reached skill level 1 in Hexes
  1541 | D:3      | Reached skill level 1 in Summonings
  1541 | D:3      | Reached skill level 1 in Necromancy
  1541 | D:3      | Reached skill level 1 in Translocations
  1541 | D:3      | Reached skill level 1 in Fire Magic
  1541 | D:3      | Reached skill level 1 in Ice Magic
  1541 | D:3      | Reached skill level 1 in Air Magic
  1541 | D:3      | Reached skill level 1 in Earth Magic
  1541 | D:3      | Reached skill level 1 in Alchemy
  1766 | D:3      | Noticed Ijyb
  1781 | D:3      | Killed Ijyb
  1942 | D:3      | Found a broken altar of Ashenzari.
  1949 | D:3      | Reached XP level 5. HP: 36/40 MP: 12/12
  2280 | D:3      | Found a basalt altar of Yredelemnul.
  2924 | D:4      | Reached XP level 6. HP: 32/47 MP: 13/13
  3263 | D:4      | Reached skill level 5 in Fighting
  3263 | D:4      | Reached skill level 5 in Dodging
  3301 | D:4      | HP: 1/45 [gnoll/+0 halberd[a gnoll bouda] (14)]
  3575 | D:4      | Found Suhosy's Jewellery Emporium.
  3917 | D:4      | Killed from afar by an orc priest

Illustrated notes

Levels and vault maps discovered:
D:1:      heliophobic_arrival_glass_houses, layout_basic, serial_bayou_crossing
D:2:      layout_basic, minivault_25, corexii_item_surrounded_by_moat
D:3:      layout_basic, mainiacjoe_overflow_concentric_impassable,
          nicolae_yredelemnul_corpse_copse, minivault_5, minmay_unequal,
          uniq_ijyb
D:4:      layout_loops_cross, serial_shops, nicolae_shop_tiny_statue_garden

Skill      XL: |  1  2  3  4  5  6 |
---------------+-------------------+-----
Spellcasting   | 5 |  5.4
Invocations    | 1 2 |  2.4
Short Blades   | 1 2 |  2.2
Long Blades    | 1 2 |  2.2
Axes           | 1 2 |  2.2
Polearms       | 1 2 |  2.2
Staves         | 1 2 |  2.2
Ranged Weapons | 1 2 |  2.2
Throwing       | 1 2 |  2.2
Armour         | 1 2 |  2.2
Stealth        | 1 2 |  2.2
Shields        | 1 2 |  2.2
Unarmed Combat | 1 2 |  2.2
Evocations     | 1 2 |  2.2
Shapeshifting  | 1 2 |  2.0
Hexes          | 1 |  1.7
Summonings     | 1 |  1.7
Necromancy     | 1 |  1.7
Translocations | 1 |  1.7
Fire Magic     | 1 |  1.7
Ice Magic      | 1 |  1.7
Air Magic      | 1 |  1.7
Earth Magic    | 1 |  1.7
Alchemy        | 1 |  1.7
Fighting       | 5 |  5.1
Dodging        | 5 |  5.1
Maces & Flails | |  6.9
Conjurations   | |  5.7

Action                     |  1- 3 |  4- 6 || total
---------------------------+-------+-------++-------
  Melee: Mace              |   102 |    73 ||   175
         Bite              |     5 |    21 ||    26
         Flail             |       |    91 ||    91
         Punch             |       |     4 ||     4
   Cast: Kiss of Death     |       |     6 ||     6
   Stab: Sleeping          |     1 |       ||     1
 Armour: Leather armour    |    50 |       ||    50
         Ring mail         |    10 |   116 ||   126
  Dodge: Dodged            |    78 |   100 ||   178
